 Dungeon Crawl Stone Soup version 0.30-a0-800-g7c544603b3 (webtiles) character file.

Game seed: 8678558698337522933

389 Ceno the Digger (level 7, 0/46 HPs)
             Began as a Formicid Earth Elementalist on Feb 22, 2023.
             Was a Follower of Zin.
             Slain by a scorpion (6 damage)
             ... in an ossuary.
             The game lasted 00:14:26 (3600 turns).

Ceno the Digger (Formicid Earth Elementalist)       Turns: 3600, Time: 00:14:27

Health: 0/46       AC:  3    Str: 13    XL:     7   Next: 7%
Magic:  4/12       EV: 12    Int: 16    God:    Zin [*.....]
Gold:   127        SH:  0    Dex: 14    Spells: 3/13 levels left

rFire   . . .      SeeInvis +    g - staff of conjuration
rCold   . . .      Faith    .    (no shield)
rNeg    . . .      Spirit   .    a - +0 robe
rPois   .          Reflect  .    (helmet unavailable)
rElec   .          Harm     .    (no cloak)
rCorr   .          Rampage  .    (no gloves)
Will    +....                    r - +0 pair of boots {Stlth+}
Stlth   ++++                     (no amulet)
HPRegen 0.27/turn                h - ring of willpower
MPRegen 0.13/turn                t - ring of flight

@: flying
A: permanent stasis, dig shafts and tunnels, antennae 3, four strong arms
a: Dig, Renounce Religion, Recite, Donate Gold


You were in an ossuary.
You worshipped Zin.
Zin was aware of your devotion.
You visited 1 branch of the dungeon, and saw 4 of its levels.
You also visited: Ossuary.

You collected 141 gold pieces.
You donated 14 gold pieces to Zin.

Inventory:

Missiles
 e - 10 stones (quivered)
Armour
 a - a +0 robe (worn)
 r - a +0 pair of boots of stealth (worn)
Magical Staves
 g - a staff of conjuration (weapon)
Jewellery
 h - a ring of willpower (left hand)
 t - a ring of flight (right hand)
Scrolls
 b - a scroll of blinking {unknown}
 i - 4 scrolls of identify {unknown}
 k - a scroll of fog {unknown}
 n - a scroll of fear {unknown}
 o - a scroll of brand weapon {unknown}
 p - a scroll of magic mapping {unknown}
 q - a scroll of noise {unknown}
 u - a scroll of summoning {unknown}
 v - a scroll of enchant weapon {unknown}
Potions
 c - a potion of lignification {unknown}
 d - 3 potions of flight {unknown}
 f - 4 potions of heal wounds {unknown}
 j - 3 potions of mutation {unknown}
 l - 3 potions of curing
 m - a potion of cancellation {unknown}
 s - a potion of invisibility {unknown}


   Skills:
 - Level 1.7 Dodging
 - Level 5.0 Stealth
 * Level 3.8 Spellcasting
 + Level 2.8 Conjurations
 - Level 1.1 Transmutations
 + Level 5.5 Earth Magic


You had 3 spell levels left.
You knew the following spells:

 Your Spells              Type           Power      Damage    Failure   Level
a - Sandblast             Erth           40%        2d10      1%          1
b - Passwall              Tmut/Erth      10%        N/A       7%          2
c - Stone Arrow           Conj/Erth      48%        3d10      10%         3
d - Petrify               Tmut/Erth      13%        N/A       41%         4

Your spell library contained the following spells:

 Spells                   Type           Power      Damage    Failure   Level
 Magic Dart               Conj           72%        1d6       5%          1
 Apportation              Tloc           6%         N/A       17%         1
 Call Imp                 Summ           3%         N/A       26%         2
 Mephitic Cloud           Conj/Pois/Air  9%         N/A       34%         3
 Alistair's Intoxication  Tmut/Pois      2%         N/A       98%         5


Dungeon Overview and Level Annotations

Branches:
Dungeon (4/15)            Ossuary (1/1)
 Temple: D:4-7

Altars:
Uskayaw
Zin
The Shining One

Shops:
D:2 [:?


Innate Abilities, Weirdness & Mutations

You cannot be hasted, slowed, berserked, paralysed or teleported.
You can dig through walls and to a lower floor.
You have a pair of large antennae on your head. (SInv)
Your four strong arms can wield two-handed weapons with a shield.


Message History

Aiming: Sandblast (safe; 1% risk of failure)
Press: ? - help, Shift-Dir - straight line, f/p - scorpion
Aim: a scorpion (moderately wounded, 83% to hit)
The blast of sand hits the scorpion but does no damage.
The scorpion is moderately wounded.
You feel sick. The scorpion stings you.
Casting: Sandblast (safe; 1% risk of failure)
Confirm with . or Enter, or press ? or * to list all spells.
Aiming: Sandblast (safe; 1% risk of failure)
Press: ? - help, Shift-Dir - straight line, f/p - scorpion
Aim: a scorpion (moderately wounded, 83% to hit)
The blast of sand hits the scorpion.
The scorpion is moderately wounded.
You feel sick. The scorpion misses you.
The gnoll zombie hits you but does no damage.
The scorpion stings you.
* * * LOW HITPOINT WARNING * * *
You feel better. The scorpion stings you.
The gnoll zombie completely misses you.
Casting: Sandblast (safe; 1% risk of failure)
Confirm with . or Enter, or press ? or * to list all spells.
Aiming: Sandblast (safe; 1% risk of failure)
Press: ? - help, Shift-Dir - straight line, f/p - scorpion
Aim: a scorpion (moderately wounded, 83% to hit)
The blast of sand hits the scorpion but does no damage.
The scorpion is moderately wounded.
The scorpion stings you but does no damage.
The gnoll zombie hits you.
* * * LOW HITPOINT WARNING * * *
The scorpion stings you.
* * * LOW HITPOINT WARNING * * *
Casting: Sandblast (safe; 1% risk of failure)
Confirm with . or Enter, or press ? or * to list all spells.
Aiming: Sandblast (safe; 1% risk of failure)
Press: ? - help, Shift-Dir - straight line, f/p - scorpion
Aim: a scorpion (moderately wounded, 83% to hit)
The blast of sand hits the scorpion but does no damage.
The scorpion is moderately wounded.
The scorpion stings you.
You die...

############# ###########
#.....#.....#...#...#...#
#.....#....@s...#.∩.'.∩.#
#.....8...Z.#...#...#...#
#...........##+###'######
#...........#?.?#...#...#
###8.....8###...#...8...#
#...........#M?!#.......#
#...........######8...8##
#.....8.....#...#.......#
#.....#.....'...#...8...#


You could see a scorpion and a gnoll zombie.

Vanquished Creatures
  A scorpion (Ossuary)
  A human zombie (Ossuary)
  A centaur zombie (Ossuary)
  A jelly (D:4)
  3 scorpion zombies (Ossuary)
  An iguana (D:4)
  A mummy (D:4)
  Robin (D:4)
  2 adders
  2 worms (D:2)
  A dart slug (D:3)
  5 orcs
  6 ball pythons
  5 bats
  3 endoplasms
  3 giant cockroaches
  13 goblins
  10 hobgoblins
  5 quokkas
  2 frilled lizards
  2 goblin zombies (D:4)
  3 kobolds
  2 kobold zombies (Ossuary)
  9 rats
83 creatures vanquished.

Notes
Turn   | Place    | Note
-------+----------+-------------------------------------------
     0 | D:1      | Ceno the Formicid Earth Elementalist began the quest for
                  | the Orb.
     0 | D:1      | Reached XP level 1. HP: 13/13 MP: 3/3
   278 | D:1      | Reached XP level 2. HP: 19/19 MP: 3/5
   379 | D:1      | Learned a level 2 spell: Passwall
   567 | D:1      | Reached XP level 3. HP: 24/24 MP: 4/6
   699 | D:1      | Reached skill level 1 in Conjurations
  1105 | D:2      | Found Joizutsa's Magic Scroll Shoppe.
  1300 | D:2      | Found Raeher's Armour Boutique.
  1357 | D:2      | Found Jaceuronnu's Book Emporium.
  1392 | D:2      | Learned a level 3 spell: Stone Arrow
  1473 | D:2      | Reached XP level 4. HP: 30/30 MP: 5/7
  2213 | D:3      | Found a glowing golden altar of the Shining One.
  2230 | D:3      | Found a glowing silver altar of Zin.
  2234 | D:3      | Became a worshipper of Zin the Law-Giver
  2234 | D:3      | Reached * piety under Zin
  2392 | D:3      | Noticed a bullfrog
  2436 | D:3      | Noticed a phantom
  2579 | D:4      | Zin protects you from harm!
  2581 | D:4      | Reached XP level 5. HP: 4/35 MP: 3/8
  2802 | D:4      | Found a hide-covered altar of Uskayaw.
  2970 | D:4      | Reached skill level 5 in Stealth
  3038 | D:4      | Noticed Robin
  3075 | D:4      | Killed Robin
  3133 | D:4      | Reached skill level 5 in Earth Magic
  3139 | D:4      | Found a sand-covered staircase.
  3143 | D:4      | Reached XP level 6. HP: 40/41 MP: 3/9
  3146 | Ossuary  | Entered an ossuary
  3530 | Ossuary  | Reached XP level 7. HP: 46/46 MP: 8/12
  3576 | Ossuary  | Learned a level 4 spell: Petrify
  3600 | Ossuary  | Slain by a scorpion

Illustrated notes

Levels and vault maps discovered:
D:1:      dpeg_arrival_three_same_balls, layout_rooms
D:2:      layout_basic, serial_shops, shop, nicolae_diamond_shop,
          nicolae_shop_stone
D:3:      layout_loops_ring, mainiacjoe_overflow_big_doors,
          columned_hall_lemuel, minmay_misc_feat_roman, minmay_fractal_squares_5
D:4:      layout_cave_pools, general_overflow_altar, nicolae_ossuary_entry_giza,
          amcnicky_mini_corridor_feature, uniq_robin
Ossuary:  ossuary_minmay_scorpions

Skill      XL: |  1  2  3  4  5  6 |
---------------+-------------------+-----
Stealth        | 3 4 5 |  5.0
Earth Magic    | 4 5 |  5.5
Conjurations   | 1 2 |  2.8
Spellcasting   | 3 |  3.8
Dodging        | |  1.7
Transmutations | |  1.1

Action                     |  1- 3 |  4- 6 |  7- 9 || total
---------------------------+-------+-------+-------++-------
  Melee: Staff             |     1 |    21 |       ||    22
         Punch             |       |     1 |       ||     1
  Throw: Stone             |     1 |     3 |       ||     4
   Cast: Sandblast         |    62 |    91 |    11 ||   164
 Invoke: Recite            |       |     1 |       ||     1
Ability: Dig               |       |     1 |       ||     1
    Use: Potion            |       |     2 |     1 ||     3
         Scroll            |       |     1 |       ||     1
 Armour: Robe              |     3 |    10 |     2 ||    15
  Dodge: Dodged            |    17 |    40 |     4 ||    61

Table legend: (Time is in decaauts)
 A = Elapsed time spent in this place.
 B = Non-inter-level travel time spent in this place.
 C = Inter-level travel time spent in this place.
 D = Time resting spent in this place.
 E = Time spent auto-exploring this place.
 F = Levels seen in this place.
 G = Mean time per level.
                   A        B        C        D        E       F      G
               +--------+--------+--------+--------+--------+-----+--------+
         Total |   3686 |   3541 |    145 |   1063 |    936 |   5 |  737.2 |
       Dungeon |   3211 |   3066 |    145 |    741 |    936 |   4 |  802.8 |
       Ossuary |    475 |    475 |      0 |    322 |      0 |   1 |  475.0 |
               +--------+--------+--------+--------+--------+-----+--------+

Top non-repeatable levels by time:
     D:1: 987 daAuts
     D:2: 978 daAuts
     D:3: 759 daAuts
     D:4: 485 daAuts
 Ossuary: 475 daAuts
